 Dungeon Crawl Stone Soup version 0.30.1 (webtiles) character file.

Game seed: 8751352183437277088

180348 Graphine the Unseen (level 18, -12/116 HPs)
             Began as a Kobold Brigand on July 4, 2023.
             Was the Champion of Wu Jian.
             Killed from afar by a shock serpent (19 damage)
             ... with a bolt of electricity
             ... on level 1 of the Snake Pit.
             The game lasted 01:32:51 (32019 turns).

Graphine the Unseen (Kobold Brigand)               Turns: 32019, Time: 01:32:54

Health: -12/116    AC: 25    Str:  6    XL:     18   Next: 55%
Magic:  41/41      EV: 19    Int: 11    God:    Wu Jian [******]
Gold:   1683       SH: 13    Dex: 22    Spells: 24/24 levels left

rFire   . . .        M - +4 rapier "Wutt" {chaos, +Blink Will+ Str-4}
rCold   + . .        R - +2 buckler
rNeg    + + .        I - quicksilver dragon scales of the Wumpus {rC+ Will+ rCorr MP+9}
rPois   +            b - +2 helmet
rElec   .            u - scarf {+Inv}
rCorr   +            S - +5 pair of gloves of Untuc {Will+ Int-2 Slay+3}
SInv    +            P - +2 pair of boots
Will    ++++.        p - amulet of reflection
Stlth   ++++++++     Q - ring of poison resistance
HPRegen 0.39/turn    N - ring of the Garden {rN++ MP+9 SInv}
MPRegen 0.27/turn

%: reflection
@: about to teleport
A: small, no large weapons, nightstalker 3
}: 1/15 runes: decaying
a: Renounce Religion, Evoke Blink, Evoke Invisibility, Wall Jump, Serpent's
Lash, Heavenly Storm


You were on level 1 of the Snake Pit.
You worshipped Wu Jian.
Wu Jian was exalted by your worship.
You visited 6 branches of the dungeon, and saw 28 of its levels.
You visited 1 bazaar.
You also visited: Trove and Bailey.

You collected 3324 gold pieces.
You spent 1641 gold pieces at shops.

Inventory:

Hand Weapons
 f - a +2 dagger of holy wrath
 l - a +7 short sword of draining
 F - the +7 Spriggan's Knife {stab, EV+4 Stlth+}
   (You found it in a treasure trove)

   Stab:      It is more effective when stabbing unaware enemies, sometimes
   treating them as though they were completely helpless.
   EV:        It affects your evasion (+4).
   Stlth:     It makes you more stealthy.
 M - the +4 rapier "Wutt" (weapon) {chaos, +Blink Will+ Str-4}
   (You bought it in a shop on level 12 of the Dungeon)

   Str:       It affects your strength (-4).
   +Blink:    It lets you blink.
   Will:      It increases your willpower.
Armour
 b - a +2 helmet (worn)
 u - a scarf of invisibility (worn)
 I - the quicksilver dragon scales of the Wumpus (worn) {rC+ Will+ rCorr MP+9}
   (You found it in a bailey)

   rC:        It protects you from cold.
   MP:        It affects your magic capacity (+9).
   rCorr:     It protects you from acid and corrosion.
   Will:      It increases your willpower.
 P - a +2 pair of boots (worn)
 R - a +2 buckler (worn)
 S - the +5 pair of gloves of Untuc (worn) {Will+ Int-2 Slay+3}
   (You found it on level 13 of the Dungeon)

   Int:       It affects your intelligence (-2).
   Slay:      It affects your accuracy & damage with ranged weapons and melee
   (+3).
   Will:      It increases your willpower.
Jewellery
 h - a ring of flight
 j - a ring of positive energy
 p - an amulet of reflection (around neck)
 t - a ring of see invisible
 N - the ring of the Garden (right hand) {rN++ MP+9 SInv}
   (You bought it in a shop on level 5 of the Dungeon)

   [ring of see invisible]

   rN:        It greatly protects you from negative energy.
   MP:        It affects your magic capacity (+9).
   SInv:      It lets you see invisible.
 Q - a ring of poison resistance (left hand)
 T - a +5 ring of evasion
 V - a ring of protection from fire
Wands
 e - a wand of flame (20)
 m - a wand of polymorph (6)
 w - a wand of digging (7)
 C - a wand of charming (7)
 J - a wand of roots (15)
 K - a wand of mindburst (4)
 U - a wand of acid (12)
Scrolls
 a - 11 scrolls of teleportation
 c - a scroll of enchant weapon
 d - a scroll of brand weapon
 k - 8 scrolls of amnesia
 o - 3 scrolls of enchant armour
 q - 6 scrolls of noise
 s - 4 scrolls of fog
 v - 7 scrolls of identify
 E - 3 scrolls of poison
 W - a scroll of fear
Potions
 i - 4 potions of mutation
 x - 3 potions of cancellation
 z - 6 potions of might
 A - 4 potions of flight
 B - 3 potions of berserk rage
 G - 2 potions of magic
 H - 5 potions of brilliance
 O - 7 potions of haste
 X - a potion of invisibility
 Z - 2 potions of attraction


   Skills:
 + Level 14.1 Fighting
 - Level 14.0 Short Blades
 - Level 2.1 Throwing
 - Level 8.0 Armour
 - Level 14.0 Dodging
 - Level 20.0 Stealth
 * Level 5.4 Shields
 + Level 3.7 Spellcasting
 * Level 5.4 Ice Magic
 * Level 19.3 Evocations


You had 24 spell levels left.
You didn't know any spells.
Your spell library contained the following spells:

 Spells                   Type           Power      Damage    Failure   Level
 Freeze                   Ice            56%        1d7       13%         1
 Frozen Ramparts          Ice            28%        1d5       36%         3
 Ozocubu's Armour         Ice            14%        N/A       36%         3
 Ensorcelled Hibernation  Hex/Ice        16%        N/A       52%         2
 Hailstorm                Conj/Ice       8%         3d4       75%         3
 Magic Dart               Conj           8%         1d3       77%         1
 Passwall                 Tmut/Erth      1%         N/A       88%         2
 Poisonous Vapours        Pois/Air       4%         N/A       88%         2
 Scorch                   Fire           4%         2d5       88%         2
 Searing Ray              Conj           4%         2d4       88%         2
 Sublimation of Blood     Necr           2%         N/A       88%         2
 Wereblood                Tmut           2%         N/A       88%         2
 Dazzling Flash           Conj/Hex       4%         N/A       98%         3
 Gell's Gravitas          Tloc           2%         N/A       98%         3
 Mephitic Cloud           Conj/Pois/Air  2%         N/A       98%         3
 Swiftness                Air            2%         N/A       98%         3
 Teleport Other           Tloc           2%         N/A       98%         3
 Volatile Blastmotes      Fire/Tloc      4%         2d10      98%         3
 Animate Armour           Summ/Erth      4%         N/A       100%        4
 Flame Wave               Conj/Fire      2%         2d4       100%        4
 Fulminant Prism          Conj/Hex       1%         3d5       100%        4
 Iskenderun's Mystic Bla  Conj/Tloc      2%         2d3       100%        4
 Summon Lightning Spire   Summ/Air       2%         N/A       100%        4
 Agony                    Necr           2%         N/A       100%        5
 Blade Hands              Tmut           1%         N/A       100%        5
 Fireball                 Conj/Fire      1%         3d3       100%        5
 Freezing Cloud           Conj/Ice/Air   3%         6-21      100%        5
 Iskenderun's Battlesphe  Conj           2%         2d6       100%        5
 Lee's Rapid Deconstruct  Erth           1%         3d4*      100%        5
 Silence                  Hex/Air        1%         N/A       100%        5
 Summon Forest            Summ/Tloc      1%         N/A       100%        5
 Summon Mana Viper        Hex/Summ       2%         N/A       100%        5
 Conjure Ball Lightning   Conj/Air       1%         3x3d6     100%        6
 Dispersal                Tloc           1%         N/A       100%        6
 Iron Shot                Conj/Erth      1%         9d1       100%        6
 Simulacrum               Ice/Necr       4%         N/A       100%        6
 Summon Cactus Giant      Summ           1%         N/A       100%        6
 Orb of Destruction       Conj           1%         9d5       100%        7
 Ozocubu's Refrigeration  Ice            7%         4d9       100%        7
 Storm Form               Tmut/Air       1%         N/A       100%        7
 Summon Hydra             Summ           1%         N/A       100%        7
 Borgnjor's Revivificati  Necr           1%         N/A       100%        8
 Maxwell's Capacitive Co  Air            1%         ∞         100%        8
 Necromutation            Tmut/Necr      1%         N/A       100%        8
 Death's Door             Necr           1%         N/A       100%        9
 Polar Vortex             Ice            7%         N/A       100%        9


Dungeon Overview and Level Annotations

Branches:
Dungeon (15/15)            Temple (1/1) D:4            Lair (5/5) D:10
  Swamp (4/4) Lair:3        Snake (1/4) Lair:2        Slime (0/5) Lair:5
    Orc (2/2) D:9             Elf (0/3) Orc:2        Vaults (0/5) D:14
 Depths (0/4) D:15         Bailey (visited)

Altars:
Ashenzari
Cheibriados
Dithmenos
Elyvilon
Fedhas
Gozag
Hepliaklqana
Kikubaaqudgha
Makhleb
Nemelex Xobeh
Okawaru
Qazlal
Ru
Sif Muna
Trog
Uskayaw
Vehumet
Wu Jian
Xom
Yredelemnul
Zin
The Shining One
Lugonu

Shops:
D:5 *=   D:6 =   D:12 (=??(   Orc:2 [:*(*

Portals:
Abyss: Lair:5


Innate Abilities, Weirdness & Mutations

You are small and have problems with some larger weapons.
You are completely attuned to the shadows.


Message History

You block splash of poison... and reflect it back!
The splash of poison hits the naga but does no damage.
A black mamba comes into view.
You lunge at the naga, in a flurry of attacks.
You hit the naga. You freeze the naga.
The naga is lightly wounded.
You closely miss the naga.
The naga is lightly wounded.
The shock serpent shoots out a bolt of lightning at you!
The bolt of electricity hits you!! x2
The bolt of electricity hits the shock serpent.
The shock serpent completely resists.
The naga spits poison at you. The splash of poison misses you.
The shock serpent closely misses you.
You hear a shout!
As you read the scroll of teleportation, it crumbles to dust.
You feel strangely unstable.
You hear a shout! x2
The naga completely misses you. The naga closely misses you.
The shock serpent bites you but does no damage.
You block the black mamba's attack.
You puncture the shock serpent!
The shock serpent suddenly seems more resistant.
The shock serpent is moderately wounded.
The shock serpent's electric aura discharges, shocking you!
* * * LOW HITPOINT WARNING * * *
The shock serpent barely misses you. The naga completely misses you.
The naga misses you. You block the black mamba's attack.
Hit: M) +4 rapier "Wutt" {chaos, +Blink Will+ Str-4}
Press: ? - help, Dir - move target, f - shock serpent
Aim: a shock serpent (moderately wounded, unusually resistant, about 31% to evade the +4 rapier "Wutt")
You puncture the shock serpent!
The shock serpent easily resists.
The shock serpent is heavily wounded.
The shock serpent's electric aura discharges, shocking you!
* * * LOW HITPOINT WARNING * * *
The shock serpent shoots out a bolt of lightning at you!
The bolt of electricity hits you!
* * * LOW HITPOINT WARNING * * *
The bolt of electricity hits you!!
You die...

..#.###...............
.....†.......#)#.....# .
.........###......#.##..
.......###....).###....#
......... ....).###).###
..######....#.......# ..
..........## #.##...#)##
#.@.#..# #NSS..##
#....## ####.# .#


You could see a shock serpent (resistant), a black mamba and a naga (catching
breath).

Vanquished Creatures
  Rupert (Orc:2)
  5 thorn hunters (Swamp:4)
  Kirke (Swamp:1)
  A fenstrider witch (Swamp:3)
  Donald (Orc:2)
  Aizul (Snake:1)
  The ghost of Tinylith the Severer, a journeyman MiFi of Ru (Lair:5)
  An ironbound preserver (D:14)
  3 ghouls (Swamp:4)
  The ghost of SuvarnaParana the Severer, a journeyman MiBe of Trog (Lair:5)
  3 eleionomae
  2 vampire knights (Swamp:4)
  3 bunyips
  An ettin (Orc:2)
  The ghost of Sverke the Basher, a journeyman GrFi of the Shining One (Lair:5)
  Snorg (Lair:4)
  An ettin (shapeshifter) (D:15)
  Josephine (D:15)
  A fire dragon (D:15)
  A shambling mangrove (Swamp:4)
  An ice dragon (D:15)
  A catoblepas (Lair:1)
  12 hydras
  3 centaur warriors
  The ghost of LavenderCorpse the Imperceptible, a journeyman SpEn of Dithmenos (Lair:3)
  7 ghost crabs
  2 death knights
  An ogre mage (D:15)
  6 two-headed ogres
  5 alligators
  2 naga warriors (Snake:1)
  2 tengu warriors
  2 orc high priests (Orc:2)
  6 death yaks (Lair:5)
  9 boulder beetles
  3 thrashing horrors (Lair:5)
  A deep elf knight (D:12)
  2 naga sharpshooters (Snake:1)
  A shock serpent (Snake:1)
  A goliath frog (Swamp:1)
  Amaemon (Lair:1)
  2 skysharks
  2 flayed ghosts (Swamp:4)
  8 spriggan druids
  6 swamp dragons
  3 spectral hydras (Swamp:4)
  A wizard (D:12)
  9 bog bodies
  5 deep elf pyromancers
  The ghost of raetorn the Thaumaturge, a novice DjFE of Hepliaklqana (D:8)
  3 phantasmal warriors
  2 mana vipers (Snake:1)
  3 oklob plants (Swamp:4)
  3 manticores
  4 orc sorcerers (Orc:2)
  14 orc knights
  5 will-o-the-wisps
  10 ugly things
  An elephant (D:10)
  8 cyclopes
  Joseph (D:10)
  An ice statue (D:14)
  A torpor snail (Lair:5)
  5 apocalypse crabs (Swamp:2)
  An orange demon (Lair:1)
  4 smoke demons (Lair:5)
  11 black mambas
  2 naga magi (Snake:1)
  Maurice (D:10)
  2 gargoyles (D:12)
  17 cane toads
  Maggie (Lair:2)
  A kobold demonologist (D:13)
  A freezing wraith (D:15)
  A rime drake (Lair:5)
  An unseen horror (D:12)
  3 yaktaurs (D:15)
  7 komodo dragons
  An ancient zyme (Lair:5)
  A hydra zombie (Swamp:4)
  A polar bear (Lair:3)
  5 trolls
  A death drake zombie (Swamp:4)
  17 tyrant leeches
  3 hydra skeletons (Swamp:4)
  8 hornets
  16 blink frogs
  2 death drake skeletons (Swamp:4)
  A blink frog (shapeshifter) (Swamp:2)
  6 slime creatures
  Sigmund (D:3)
  A ynoxinul (Lair:5)
  7 wyverns
  9 wraiths
  3 shadows
  11 spriggans
  Eustachio (D:5)
  A human (shapeshifter) (D:14)
  43 yaks
  2 hogs (Swamp:1)
  15 basilisks
  9 vampire mosquitoes
  9 small abominations (Lair:5)
  2 chaos spawn (Lair:5)
  A steam dragon (Lair:3)
  15 swamp worms
  Edmund (D:6)
  6 nagas
  2 acid dragons
  Duvessa (D:5)
  17 water moccasins
  7 swamp drakes
  3 hydra simulacra (Swamp:4)
  28 orc warriors
  2 swamp dragon zombies (Swamp:4)
  7 black bears
  An ice beast (D:6)
  7 ogres
  A sky beast (D:7)
  8 wolves
  2 centaurs (D:15)
  2 swamp dragon skeletons (Swamp:4)
  A phantom (D:5)
  3 kobold brigands
  Blork the orc (D:6)
  9 bullfrogs
  A gnoll sergeant (D:11)
  4 scorpions
  Dowan (D:5)
  6 killer bees (D:9)
  4 howler monkeys
  4 electric eels
  4 jellies
  13 orc priests
  2 hounds
  Crazy Yiuf (D:3)
  A gnoll bouda (D:7)
  3 iguanas
  Ijyb (D:5)
  A sleepcap (D:7)
  Natasha (thrice) (D:3)
  19 orc wizards
  3 hell rats (Lair:1)
  Robin (D:3)
  9 adders
  7 gnolls
  7 river rats (Lair:1)
  A shadow imp (D:7)
  3 white imps
  3 ufetubi
  3 worms
  2 dart slugs
  54 orcs
  8 bats
  7 endoplasms
  A giant cockroach (D:3)
  14 goblins
  9 hobgoblins
  4 jackals (D:4)
  28 kobolds
  2 quokkas (D:2)
  3 ball pythons
  2 frilled lizards
  13 rats
804 creatures vanquished.

Vanquished Creatures (collateral kills)
  An orc high priest (Orc:2)
  An orc sorcerer (Orc:2)
  2 orc warriors (Orc:2)
  2 orcs (D:8)
6 creatures vanquished.

Vanquished Creatures (others)
  An ugly thing (D:12)
  A hog (Swamp:1)
  2 vampire mosquitoes (Swamp:1)
  An orc priest (Orc:2)
  An orc wizard (Orc:2)
  2 foxfires (Swamp:4)
8 creatures vanquished.

Grand Total: 818 creatures vanquished

Notes
Turn   | Place    | Note
-------+----------+-------------------------------------------
     0 | D:1      | Graphine the Kobold Brigand began the quest for the Orb.
     0 | D:1      | Reached XP level 1. HP: 12/12 MP: 1/1
   111 | D:1      | Reached XP level 2. HP: 17/17 MP: 2/2
   362 | D:1      | Reached XP level 3. HP: 21/22 MP: 3/3
  1149 | D:2      | Reached skill level 6 in Stealth
  1149 | D:2      | Reached XP level 4. HP: 27/27 MP: 4/4
  1727 | D:3      | Noticed Robin
  1888 | D:3      | Noticed Natasha
  1892 | D:3      | Killed Natasha
  1893 | D:3      | Reached XP level 5. HP: 31/31 MP: 5/5
  1959 | D:3      | Noticed Natasha
  1984 | D:3      | Killed Natasha
  2015 | D:3      | Killed Robin
  2052 | D:3      | Noticed Natasha
  2118 | D:3      | Killed Natasha
  2175 | D:3      | Found a white marble altar of Elyvilon.
  2291 | D:3      | Noticed Sigmund
  2299 | D:3      | Reached XP level 6. HP: 37/37 MP: 6/6
  2310 | D:3      | Killed Sigmund
  2311 | D:3      | Reached skill level 5 in Short Blades
  2311 | D:3      | Reached skill level 7 in Stealth
  2493 | D:3      | Found a burning altar of Makhleb.
  2555 | D:3      | Found a runed translucent door.
  2558 | D:3      | Noticed Crazy Yiuf
  2671 | D:3      | Killed Crazy Yiuf
  2672 | D:3      | Reached XP level 7. HP: 41/41 MP: 7/7
  2708 | D:4      | Found a snail-covered altar of Cheibriados.
  2803 | D:4      | Found a radiant altar of Vehumet.
  3175 | D:4      | Found a staircase to the Ecumenical Temple.
  3183 | Temple   | Entered the Ecumenical Temple
  3250 | Temple   | Became a worshipper of the Wu Jian Council
  3292 | D:4      | Reached skill level 5 in Dodging
  3586 | D:5      | Entered Level 5 of the Dungeon
  3662 | D:5      | Noticed Eustachio
  3666 | D:5      | Killed Eustachio
  3667 | D:5      | Reached skill level 8 in Stealth
  3667 | D:5      | Reached XP level 8. HP: 48/48 MP: 8/8
  3682 | D:5      | Noticed Ijyb
  3685 | D:5      | Killed Ijyb
  3707 | D:5      | Found a sacrificial altar of Ru.
  3864 | D:5      | Found a shadowy altar of Dithmenos.
  3953 | D:5      | Noticed Duvessa
  3956 | D:5      | Killed Duvessa
  3956 | D:5      | Noticed Dowan
  4010 | D:5      | Killed Dowan
  4149 | D:5      | Found Xerom's Jewellery Shop.
  4183 | D:5      | Reached skill level 9 in Stealth
  4333 | D:5      | Found Zin's Purification Station.
  4333 | D:5      | Found a glowing silver altar of Zin.
  4387 | D:5      | Found a shimmering blue altar of Sif Muna.
  4546 | D:6      | Found Faf Hoca's One-of-a-Kind Rings.
  4713 | D:6      | Noticed Edmund
  4716 | D:6      | Killed Edmund
  4728 | D:6      | Noticed Blork the orc
  4730 | D:6      | Killed Blork the orc
  4731 | D:6      | Reached XP level 9. HP: 53/53 MP: 9/9
  4863 | D:6      | Reached * piety under Wu Jian
  4874 | D:6      | Found a shimmering altar of Xom.
  5019 | D:6      | Reached skill level 5 in Fighting
  5019 | D:6      | Reached skill level 10 in Stealth
  6192 | D:8      | Noticed a centaur warrior
  6194 | D:8      | Killed a centaur warrior
  6195 | D:8      | Reached skill level 11 in Stealth
  6195 | D:8      | Reached XP level 10. HP: 60/60 MP: 10/10
  6223 | D:8      | Found a bloodstained altar of Trog.
  6317 | D:8      | Found a flagged portal.
  6323 | Bailey   | Entered a bailey
  6396 | Bailey   | Reached skill level 1 in Evocations
  6397 | Bailey   | Reached skill level 10 in Short Blades
  6410 | Bailey   | Noticed a deep elf pyromancer
  6411 | Bailey   | Found a large runed translucent door.
  6415 | Bailey   | Noticed an orc knight
  6420 | Bailey   | Found a large runed translucent door.
  6423 | Bailey   | Killed an orc knight
  6424 | Bailey   | Reached skill level 12 in Stealth
  6427 | Bailey   | Reached ** piety under Wu Jian
  6434 | Bailey   | Killed a deep elf pyromancer
  6444 | Bailey   | Identified the quicksilver dragon scales of the Wumpus {rC+
                  | Will+ rCorr MP+9}
  6451 | Bailey   | Identified the +2 ring mail "Vautry" {rF++ rC+ Dex+3
                  | Slay-3}
  6798 | D:8      | Found a hide-covered altar of Uskayaw.
  7020 | D:8      | Found a runed translucent gate.
  7021 | D:8      | Found a runed translucent gate.
  7022 | D:8      | Found a runed translucent gate.
  7048 | D:8      | Noticed raetorn's ghost (novice DjFE)
  7052 | D:8      | Killed raetorn's ghost
  7214 | D:8      | Found an opulent altar of Gozag.
  7298 | D:5      | Bought the ring of the Garden {rN++ MP+9 SInv} for 565 gold
                  | pieces
  7507 | D:9      | Noticed a two-headed ogre
  7524 | D:9      | Killed a two-headed ogre
  7525 | D:9      | Reached skill level 1 in Armour
  7525 | D:9      | Reached skill level 10 in Dodging
  7525 | D:9      | Reached XP level 11. HP: 36/66 MP: 11/11
  7630 | D:9      | Reached skill level 5 in Evocations
  7632 | D:9      | Reached skill level 13 in Stealth
  8137 | D:9      | Reached *** piety under Wu Jian
  8215 | D:9      | Found a staircase to the Orcish Mines.
  8678 | D:10     | Entered Level 10 of the Dungeon
  8712 | D:10     | Found a portal to a secret trove of treasure.
  8995 | D:10     | Noticed a cyclops
  9010 | D:10     | Killed a cyclops
  9023 | D:10     | Found an iron altar of Okawaru.
  9044 | D:10     | Noticed an elephant
  9046 | D:10     | Found a staircase to the Lair.
  9048 | D:10     | Killed an elephant
  9049 | D:10     | Reached skill level 14 in Stealth
  9138 | D:10     | Noticed a two-headed ogre
  9141 | D:10     | Killed a two-headed ogre
  9211 | D:10     | Noticed Maurice
  9230 | D:10     | Killed Maurice
  9296 | D:10     | Noticed Joseph
  9470 | D:10     | Killed Joseph
  9471 | D:10     | Reached XP level 12. HP: 73/73 MP: 12/12
  9857 | D:11     | Found an ornate altar of the Wu Jian Council.
 10315 | D:11     | Noticed a boulder beetle
 10318 | D:11     | Killed a boulder beetle
 10580 | D:12     | Noticed a boulder beetle
 10615 | D:12     | Killed a boulder beetle
 10690 | D:12     | Found Lynawk's Jewellery Shoppe.
 10746 | D:12     | Found Sutacahi's Magic Scroll Shoppe.
 10750 | D:12     | Found the +7 staff of the Meek {protect, meekguard}
 10752 | D:12     | Bought 2 scrolls of enchant armour for 210 gold pieces
 10777 | D:12     | Found Wept's Weapon Emporium.
 10792 | D:12     | Found a sparkling altar of Nemelex Xobeh.
 10820 | D:12     | Found Gokhlybri's Weapon Boutique.
 10835 | D:12     | Found Xuodd's Magic Scroll Boutique.
 10840 | D:12     | Bought a scroll of enchant armour for 112 gold pieces
 10973 | D:12     | Reached skill level 15 in Stealth
 10985 | D:12     | Reached **** piety under Wu Jian
 10991 | D:12     | Noticed a deep elf knight
 10995 | D:12     | Killed a deep elf knight
 10998 | D:12     | Noticed a boulder beetle
 11001 | D:12     | Killed a boulder beetle
 11301 | D:12     | Reached XP level 13. HP: 50/79 MP: 13/13
 11713 | D:12     | Reached skill level 16 in Stealth
 11938 | Lair:1   | Entered Level 1 of the Lair of Beasts
 12018 | Lair:1   | Reached skill level 10 in Evocations
 12306 | Lair:1   | You are sucked into a shaft and drop 1 floor!
 12420 | Lair:1   | Noticed a catoblepas
 12422 | Lair:1   | Killed a catoblepas
 12503 | Lair:1   | Noticed Amaemon
 12506 | Lair:1   | Killed Amaemon
 12880 | Lair:1   | Reached ***** piety under Wu Jian
 14034 | Lair:2   | Found a staircase to the Snake Pit.
 14040 | Lair:2   | Reached skill level 17 in Stealth
 14237 | Lair:2   | Noticed Maggie
 14240 | Lair:2   | Killed Maggie
 14241 | Lair:2   | Reached skill level 5 in Armour
 14434 | Lair:2   | Noticed a seven-headed hydra
 14436 | Lair:2   | Killed a seven-headed hydra
 14803 | Lair:3   | Found a runed translucent gate.
 14805 | Lair:3   | Found a runed translucent gate.
 14805 | Lair:3   | Found a runed translucent gate.
 14808 | Lair:3   | Noticed LavenderCorpse's ghost (journeyman SpEn)
 14810 | Lair:3   | Noticed a 13-headed hydra
 14810 | Lair:3   | Noticed a ten-headed hydra
 14852 | Lair:3   | Killed a 13-headed hydra
 14862 | Lair:3   | Killed a ten-headed hydra
 14863 | Lair:3   | Reached XP level 14. HP: 27/86 MP: 14/14
 14891 | Lair:3   | Killed LavenderCorpse's ghost
 14915 | Lair:3   | Identified the +6 long sword "Evoss" {heavy, SInv}
 15496 | Lair:3   | Found a staircase to the Swamp.
 16683 | Lair:4   | Noticed Snorg
 16686 | Lair:4   | Killed Snorg
 16687 | Lair:4   | Reached skill level 18 in Stealth
 16713 | Lair:4   | Reached skill level 10 in Fighting
 17064 | Lair:5   | Entered Level 5 of the Lair of Beasts
 17334 | Lair:5   | Found a staircase to the Slime Pits.
 17559 | Lair:5   | Reached ****** piety under Wu Jian
 17712 | Lair:5   | Reached XP level 15. HP: 43/93 MP: 15/15
 17853 | Lair:5   | Found a corrupted altar of Lugonu.
 17855 | Lair:5   | Found a one-way gate to the infinite horrors of the Abyss.
 17867 | Lair:5   | Identified the +0 robe of Asceticism {rElec SInv}
 18178 | Lair:5   | Reached skill level 19 in Stealth
 18420 | Lair:5   | Found a runed translucent gate.
 18420 | Lair:5   | Found a runed translucent gate.
 18420 | Lair:5   | Found a runed translucent gate.
 18432 | Lair:5   | Noticed Tinylith's ghost (journeyman MiFi)
 18432 | Lair:5   | Noticed SuvarnaParana's ghost (journeyman MiBe)
 18433 | Lair:5   | Noticed Sverke's ghost (journeyman GrFi)
 18435 | Lair:5   | Killed SuvarnaParana's ghost
 18436 | Lair:5   | Killed Sverke's ghost
 18474 | Lair:5   | Killed Tinylith's ghost
 18793 | Lair:5   | Found an iron altar of Okawaru.
 19512 | Orc:1    | Entered Level 1 of the Orcish Mines
 20061 | Orc:2    | Entered Level 2 of the Orcish Mines
 20066 | Orc:2    | Found Ficod's Assorted Antiques.
 20241 | Orc:2    | Reached skill level 20 in Stealth
 21046 | Orc:2    | Found Cuecorch's Book Emporium.
 21047 | Orc:2    | Found Dixzeqop's Weapon Boutique.
 21080 | Orc:2    | Reached skill level 15 in Evocations
 21080 | Orc:2    | Reached XP level 16. HP: 87/100 MP: 16/16
 21122 | Orc:2    | Found Raryolets's General Store.
 21124 | Orc:2    | Found Ysuf's Armour Emporium.
 21166 | Orc:2    | Found a staircase to the Elven Halls.
 21196 | Orc:2    | Noticed Rupert
 21200 | Orc:2    | Killed Rupert
 21283 | Orc:2    | Noticed Donald
 21286 | Orc:2    | Killed Donald
 21536 | D:12     | Bought the +4 rapier "Wutt" {chaos, +Blink Will+ Str-4} for
                  | 614 gold pieces
 22054 | D:13     | Identified the +1 long sword of the Lair of Beasts {heavy,
                  | rElec rN+}
 22224 | D:13     | Identified the +5 pair of gloves of Untuc {Will+ Int-2
                  | Slay+3}
 22572 | D:14     | Found a sacrificial altar of Ru.
 23221 | D:14     | Found a gate to the Vaults.
 23325 | D:14     | Found a gateway to a bazaar.
 23653 | Bazaar   | Entered a bazaar
 23695 | Bazaar   | Found Gufyit's Assorted Antiques.
 23747 | Bazaar   | Found Fajoxuff's Antique Weapon Emporium.
 23762 | Bazaar   | Found Wetug Ets's Antique Weapon Shoppe.
 23781 | Bazaar   | Found Tygyem's Antique Armour Emporium.
 23858 | Bazaar   | Bought a glimmering leather armour for 140 gold pieces
 23858 | Bazaar   | Identified the +3 leather armour "Wudutota" {Str+3 Slay+3}
                  | (You bought it in a shop in a bazaar)
 23999 | D:15     | Entered Level 15 of the Dungeon
 24004 | D:15     | Noticed Josephine
 24023 | D:15     | Killed Josephine
 24571 | D:15     | HP: 3/96 [phantasmal warrior[a death knight] (12)]
 25228 | D:15     | Found a staircase to the Depths.
 25433 | Swamp:1  | Entered Level 1 of the Swamp
 25433 | Swamp:1  | You are sucked into a shaft and drop 1 floor!
 25534 | Swamp:2  | Found a runed translucent door.
 25596 | Swamp:2  | Reached XP level 17. HP: 106/107 MP: 17/17
 26527 | Swamp:2  | Reached skill level 1 in Shields
 26716 | Swamp:1  | Identified the +3 bardiche "Naoliel" {freeze, Fragile rN+++
                  | MP+9 SInv}
 26751 | Swamp:1  | Noticed Kirke
 26804 | Swamp:1  | Killed Kirke
 27428 | D:10     | You paid a toll of a +6 demon trident to enter a treasure
                  | trove
 27429 | Trove    | Entered a treasure trove
 27432 | Trove    | Found the +7 Spriggan's Knife {stab, EV+4 Stlth+}
 27434 | Trove    | Identified the +4 quick blade of Wyrd {heavy, *Corrode
                  | rPois rC- rN+++}
 27435 | Trove    | Identified the +3 quick blade of Mana {freeze, *Corrode
                  | +Blink Fly}
 27725 | Swamp:3  | Reached skill level 1 in Ice Magic
 27784 | Swamp:3  | Reached skill level 1 in Spellcasting
 28174 | Swamp:4  | Entered Level 4 of the Swamp
 28202 | Swamp:4  | Noticed a thorn hunter
 28206 | Swamp:4  | Killed a thorn hunter
 29081 | Swamp:4  | Reached XP level 18. HP: 72/104 MP: 21/21
 29238 | Swamp:4  | Found a basalt altar of Yredelemnul.
 29852 | Swamp:4  | Found a blossoming altar of Fedhas.
 30330 | Swamp:4  | Got a decaying rune of Zot
 30740 | Swamp:4  | Reached skill level 5 in Shields
 30844 | Swamp:4  | Reached skill level 5 in Ice Magic
 31194 | Snake:1  | Entered Level 1 of the Snake Pit
 31209 | Snake:1  | Noticed Aizul
 31616 | Snake:1  | Killed Aizul
 32019 | Snake:1  | Killed from afar by a shock serpent

Illustrated notes

Levels and vault maps discovered:
D:1:      co_arrival_square_in_a_square_in_a_square, layout_basic
D:2:      minmay_chambers_of_ones, layout_basic
D:3:      layout_rooms, elyvilon_altar_1, lemuel_doored_altar, uniq_sigmund,
          uniq_robin, uniq_natasha, uniq_crazy_yiuf_cottage
D:4:      layout_loops_ring, mainiacjoe_overflow_concentric_impassable,
          mainiacjoe_overflow_catwalk, minmay_temple_entry_tees
D:5:      layout_loops_cross, grunt_dithmenos_smoke_and_mirrors,
          mainiacjoe_overflow_six_doors_small, zin_purify,
          mainiacjoe_overflow_surrounded_room, serial_shops,
          nicolae_shop_hallway_plus, uniq_eustachio, uniq_duvessa, uniq_ijyb
D:6:      layout_loops_ring, marbit_many_paths, nicolae_shop_unique_rings,
          uniq_edmund, uniq_blork_the_orc
D:7:      layout_basic, minmay_holes, dk_noncrumbling_2
D:8:      layout_basic, trog_three_pillars_becter, nicolae_uskayaw_dance_studio,
          lemuel_tele_altar, enter_bailey_2, gammafunk_ghost_spectres
D:9:      layout_roguey, erik_orc_2
D:10:     layout_rooms, okawaru_gym_becter, david_lair_generic,
          nicolae_trove_entry_free_sample, uniq_maurice, uniq_joseph
D:11:     layout_basic, nicolae_wu_jian_immortal_techniques
D:12:     minmay_big_diamond_grid, layout_long_grid, serial_shops,
          nicolae_shop_mannequins, shop, shop, shop, shop,
          nemelex_spade_bored_becter
D:13:     layout_roguey
D:14:     layout_basic, skrybe_vaults_entry_preservation, serial_corexii_hall,
          corexii_hall_statues_l, corexii_hall_statues_s,
          chequers_hall_statues_wall_a, corexii_hall_statues_x,
          nicolae_ru_sacrificial_ziggurat, serial_shops, statue_bzr
D:15:     grunt_enter_depths_hoard, layout_basic, corexii_corridor_pit,
          uniq_josephine
Temple:   nicolae_temple_cloud_nine
Lair:1:   wander_river, layout_cave_shapes, kennysheep_abandoned_house,
          uniq_amaemon
Lair:2:   layout_cave_pods, guppyfry_snake_entry_island,
          infiniplex_staircase_pool, serial_bayou_shore_a, uniq_maggie
Lair:3:   layout_cave_pods, skrybe_swamp_entry_bodies,
          gammafunk_ghost_hydra_chop, amcnicky_mini_pool_medium
Lair:4:   layout_big_grid, grunt_megastairs_3, lemuel_fruit_fields, uniq_snorg
Lair:5:   hellmonk_lair_end_abyssal_woods, layout_cave_shapes,
          nicolae_slime_entry_field_trip, basic_altar, gammafunk_ghost_cemetery,
          serial_bayou_pond_b, grunt_megastairs_2
Swamp:1:  layout_falls_marsh, evilmike_swamp_ruin_house_2, uniq_kirke
Swamp:2:  gammafunk_mikee_crab_dinner, layout_basic_swamp,
          nicolae_swamp_orc_logging_accident, swamp_pool1,
          hangedman_swamp_wriggling
Swamp:3:  layout_falls_marsh, evilmike_swamp_ruin_house_6
Swamp:4:  byrel_swamp_growth_death_and_undeath, layout_basic_swamp, swamp_pool1,
          nicolae_swamp_trees_clearing
Snake:1:  layout_misc_corridors, grunt_ministairs_6, drop_trap,
          hellmonk_scale_shop, uniq_aizul
Orc:1:    layout_caves, special_room [special_room_orc]
Orc:2:    st_orc_elflike, layout_caves, serial_shops, shop, uniq_rupert,
          uniq_donald

Skill      XL: |  1  2  3  4  5  6  7  8  9 10 11 12 13 14 15 16 17 18 |
---------------+-------------------------------------------------------+-----
Short Blades   | 3 4 5 6 7 9 10 11 12 14 | 14.0
Dodging        | 2 3 4 5 6 8 10 11 12 14 | 14.0
Stealth        | 6 7 8 9 11 12 14 15 17 18 20 | 20.0
Fighting       | 3 4 5 6 7 8 9 10 11 12 13 14 | 14.1
Evocations     | 4 7 9 11 13 15 17 18 19 | 19.3
Armour         | 1 2 4 5 6 7 8 |  8.0
Shields        | 4 5 |  5.4
Ice Magic      | 3 5 |  5.4
Spellcasting   | 2 3 |  3.7
Throwing       | |  2.1

Action                     |  1- 3 |  4- 6 |  7- 9 | 10-12 | 13-15 | 16-18 || total
---------------------------+-------+-------+-------+-------+-------+-------++-------
  Melee: Dagger            |    59 |    97 |     5 |    54 |   172 |    13 ||   400
         Punch             |     2 |       |     2 |     6 |    31 |     4 ||    45
         Short sword       |       |    32 |   204 |   532 |  1363 |    40 ||  2171
         Rapier            |       |       |       |       |       |   889 ||   889
         Knife             |       |       |       |       |       |   119 ||   119
  Throw: Dart              |     3 |     3 |     1 |       |       |       ||     7
Ability: Lunge             |       |       |    29 |    58 |   114 |   129 ||   330
         Whirlwind         |       |       |       |    12 |    54 |    40 ||   106
         Evoke Invisibilit |       |       |       |       |     8 |     7 ||    15
         Wall Jump         |       |       |       |       |       |     1 ||     1
  Evoke: Wand              |       |       |     1 |     7 |     6 |     3 ||    17
    Use: Scroll            |     2 |     7 |     8 |    14 |     4 |    11 ||    46
         Potion            |       |       |     1 |     4 |     6 |    11 ||    22
   Stab: Sleeping          |    18 |    19 |    31 |    40 |    95 |    98 ||   301
         Distracted        |       |       |     2 |     2 |     7 |    15 ||    26
         Invisible         |       |       |       |    14 |    70 |    46 ||   130
         Confused          |       |       |       |       |       |     4 ||     4
         Paralysed         |       |       |       |       |       |     1 ||     1
 Armour: Robe              |     4 |    26 |    24 |     4 |       |       ||    58
         Quicksilver drago |       |       |       |    53 |   249 |   253 ||   555
  Dodge: Dodged            |    23 |    82 |    89 |   242 |   850 |   484 ||  1770
  Block: Other             |       |     4 |    33 |    62 |   168 |    45 ||   312
         Reflection        |       |       |     1 |       |       |     8 ||     9
         Buckler           |       |       |       |       |       |   264 ||   264
